 Dungeon Crawl Stone Soup version 0.32-a0-918-g0f22ef8d61 (webtiles) character file.

Game seed: 8893303845819653181

459333 GnamariM the Sorcerer (level 23, -10/129 HPs)
             Began as a Deep Elf Conjurer on Apr 10, 2024.
             Was the Champion of Vehumet.
             Mangled by a golden dragon (29 damage)
             ... on level 5 of the Vaults.
             The game lasted 04:02:24 (80574 turns).

GnamariM the Sorcerer (Deep Elf Conjurer)          Turns: 80574, Time: 04:02:25

Health: -10/129    AC: 19    Str:  4    XL:     23   Next: 4%
Magic:  27/50      EV: 13    Int: 44    God:    Vehumet [******]
Gold:   2433       SH: 14    Dex: 15    Spells: 20/64 levels left

rFire   + + +        m - staff of conjuration
rCold   + + +        N - +3 warlock's mirror {omnireflect}
rNeg    . . .        L - +3 leather armour {rC+}
rPois   .            G - +2 helmet {Int+3}
rElec   +            c - +2 cloak of Jeckoalell {rElec rF+ Dex-5}
rCorr   +            V - +2 pair of gloves {Dex+3}
SInv    .            a - +1 pair of boots
Will    ++...        Q - amulet of reflection
Stlth   ++++         r - ring of Diwast {rF+ rC++}
HPRegen 0.41/turn    A - ring "Vifrixil" {rCorr Int+6 Dex+4 Slay-5}
MPRegen 0.32/turn

%: reflection
@: about to teleport, studying 2 skills
A: fire resistance 1
}: 3/15 runes: serpentine, barnacled, slimy
a: Renounce Religion


You were on level 5 of the Vaults.
You worshipped Vehumet.
Vehumet was exalted by your worship.
You visited 9 branches of the dungeon, and saw 44 of its levels.
You also visited: Ice Cave.

You collected 5358 gold pieces.
You spent 2925 gold pieces at shops.

Inventory:

Armour
 a - a +1 pair of boots (worn)
 c - the +2 cloak of Jeckoalell (worn) {rElec rF+ Dex-5}
   (You found it on level 8 of the Dungeon)

   Dex-5:     It affects your dexterity (-5).
   rF+:       It protects you from fire.
   rElec:     It insulates you from electricity.
 G - a +2 helmet of intelligence (worn)
 L - a +3 leather armour of cold resistance (worn)
 N - the +3 warlock's mirror (worn) {omnireflect}
   (You found it on level 10 of the Dungeon)

   Omnireflect: It can block and reflect piercing ranged attacks and magical
   attacks against the wielder's willpower.
 V - a +2 pair of gloves of dexterity (worn)
Magical Staves
 m - a staff of conjuration (weapon)
 I - a staff of earth
Jewellery
 l - a ring of flight
 r - the ring of Diwast (left hand) {rF+ rC++}
   (You found it on level 5 of the Pits of Slime)

   [ring of protection from fire]

   rF+:       It protects you from fire.
   rC++:      It greatly protects you from cold.
 A - the ring "Vifrixil" (right hand) {rCorr Int+6 Dex+4 Slay-5}
   (You found it on level 7 of the Dungeon)

   [ring of intelligence]

   Int+6:     It affects your intelligence (+6).
   Dex+4:     It affects your dexterity (+4).
   Slay-5:    It affects your accuracy & damage with ranged weapons and melee
   (-5).
   rCorr:     It protects you from acid and corrosion.
 M - a ring of poison resistance
 Q - an amulet of reflection (around neck)
Wands
 i - a wand of digging (5)
 n - a wand of polymorph (13)
 y - a wand of paralysis (54)
 z - a wand of flame (83)
 F - a wand of mindburst (58)
 O - a wand of light (43)
 S - a wand of iceblast (42)
Scrolls
 g - 9 scrolls of revelation
 s - 6 scrolls of poison
 t - 8 scrolls of amnesia
 w - 3 scrolls of enchant armour
 B - 7 scrolls of blinking
 C - 6 scrolls of teleportation
 D - 7 scrolls of fear
 P - 5 scrolls of butterflies
 W - 7 scrolls of fog
Potions
 d - a potion of brilliance
 e - a potion of might
 f - 11 potions of curing
 j - 5 potions of lignification
 k - 5 potions of invisibility
 p - 3 potions of cancellation
 q - 5 potions of heal wounds
 u - 2 potions of resistance
 x - 7 potions of enlightenment
 H - 10 potions of mutation
 K - 3 potions of haste
 T - 3 potions of ambrosia
Miscellaneous
 X - a phantom mirror


   Skills:
 - Level 9.0 Fighting
 - Level 9.0 Armour
 - Level 9.0 Dodging
 - Level 9.0 Stealth
 - Level 9.0 Shields
 - Level 21.0 Spellcasting
 - Level 20.0 Conjurations
 - Level 14.0 Translocations
 - Level 18.0 Fire Magic
 + Level 18.2 Earth Magic
 - Level 14.0 Alchemy
 - Level 9.0 Evocations


You had 20 spell levels left.
You knew the following spells:

 Your Spells              Type           Power      Damage    Failure   Level
b - Fireball              Conj/Fire      72%        3d27      0%          5
c - Iskenderun's Mystic   Conj/Tloc      100%       2d19      (+2d10%     4
d - Bombard               Conj/Erth      72%        9d12      1%          6
f - Fulminant Prism       Conj/Alch      69%        3d27      0%          4
g - Ignition              Fire           58%        3d16      1%          8
l - Searing Ray           Conj           100%       2d8       0%          2
r - Lee's Rapid Deconstr  Erth           59%        3d27*     0%          5
t - Fire Storm            Conj/Fire      72%        8d18      12%         9
v - Magic Dart            Conj           100%       1d8       0%          1

Your spell library contained the following spells:

 Spells                   Type           Power      Damage    Failure   Level
 Maxwell's Capacitive Co  Air            23%        ∞         100%        8
 Polar Vortex             Ice            23%        12d3*     100%        9
 Kiss of Death            Conj/Necr      100%       2d13      0%          1
 Sandblast                Erth           100%       2d20      0%          1
 Shock                    Conj/Air       100%       1d9       0%          1
 Sting                    Conj/Alch      100%       1d9       0%          1
 Blink                    Tloc           100%       N/A       0%          2
 Lesser Beckoning         Tloc           100%       N/A       0%          2
 Momentum Strike          Conj/Tloc      100%       3d10      0%          2
 Maxwell's Portable Pile  Tloc           100%       2d(15-43) 0%          3
 Stone Arrow              Conj/Erth      100%       3d13      0%          3
 Teleport Other           Tloc           100%       N/A       0%          3
 Volatile Blastmotes      Fire/Tloc      100%       2d18      0%          3
 Brom's Barrelling Bould  Conj/Erth      100%       2d11      0%          4
 Flame Wave               Conj/Fire      100%       2d21      0%          4
 Ignite Poison            Fire/Alch      100%       N/A       0%          4
 Leda's Liquefaction      Alch/Erth      56%        N/A       0%          4
 Sticky Flame             Fire/Alch      100%       2d15      0%          4
 Iskenderun's Battlesphe  Conj           100%       2d15      0%          5
 Necrotise                Necr           100%       1d9       1%          1
 Slow                     Hex            100%       N/A       1%          1
 Call Imp                 Summ           92%        N/A       1%          2
 Ensorcelled Hibernation  Hex/Ice        92%        N/A       1%          2
 Mercury Vapours          Alch/Air       100%       N/A       1%          2
 Sublimation of Blood     Necr           46%        N/A       1%          2
 Hailstorm                Conj/Ice       100%       3d16      1%          3
 Mephitic Cloud           Conj/Alch/Air  100%       N/A       1%          3
 Dimensional Bullseye     Hex/Tloc       41%        N/A       1%          4
 Olgreb's Toxic Radiance  Alch           100%       N/A       1%          4
 Borgnjor's Vile Clutch   Necr/Erth      45%        N/A       1%          5
 Freezing Cloud           Conj/Ice/Air   51%        6-21      1%          5
 Conjure Ball Lightning   Conj/Air       58%        3x3d21    1%          6
 Dispersal                Tloc           53%        N/A       1%          6
 Gell's Gavotte           Tloc           53%        2d(35-52) 1%          6
 Permafrost Eruption      Ice/Erth       45%        2x4d10    1%          6
 Orb of Destruction       Conj           73%        9d17      1%          7
 Call Canine Familiar     Summ           46%        N/A       3%          3
 Confusing Touch          Hex            46%        N/A       3%          3
 Sigil of Binding         Hex            46%        N/A       3%          3
 Summon Ice Beast         Ice/Summ       46%        N/A       3%          3
 Swiftness                Air            46%        N/A       3%          3
 Vampiric Draining        Necr           46%        2d9       3%          3
 Airstrike                Air            23%        2d(4-20)  3%          4
 Spellforged Servitor     Conj/Summ      58%        N/A       4%          7
 Sculpt Simulacrum        Ice/Alch       41%        N/A       10%         6
 Anguish                  Hex/Necr       23%        N/A       11%         4
 Animate Dead             Necr           46%        N/A       11%         4
 Cause Fear               Hex            23%        N/A       11%         4
 Dispel Undead            Necr           46%        3d18      11%         4
 Martyr's Knell           Necr/Summ      46%        N/A       11%         4
 Shatter                  Erth           59%        3d44*     16%         9
 Curse of Agony           Necr           46%        N/A       30%         5
 Silence                  Hex/Air        23%        N/A       30%         5
 Death Channel            Necr           23%        N/A       86%         6
 Chain Lightning          Conj/Air       58%        3d77      98%         9
 Enfeeble                 Hex            23%        N/A       100%        7
 Summon Hydra             Summ           23%        N/A       100%        7
 Dragon's Call            Summ           23%        N/A       100%        9


Dungeon Overview and Level Annotations

Branches:
Dungeon (15/15)            Temple (1/1) D:5            Lair (5/5) D:10
 Shoals (4/4) Lair:2        Snake (4/4) Lair:2        Slime (5/5) Lair:5
    Orc (2/2) D:11            Elf (3/3) Orc:2        Vaults (5/5) D:14
  Crypt (0/3) Vaults:3     Depths (0/4) D:15          IceCv (visited)

Altars:
Ashenzari
Cheibriados
Dithmenos
Elyvilon
Fedhas
Gozag
Hepliaklqana
Kikubaaqudgha
Makhleb
Nemelex Xobeh
Okawaru
Qazlal
Ru
Sif Muna
Trog
Uskayaw
Vehumet
Wu Jian
Xom
Yredelemnul
Zin
The Shining One
Beogh
Jiyva

Shops:
D:1 *   D:3 [   D:4 :((   D:6 *   D:10 [   D:11 (   D:14 [   Orc:1 *
Orc:2 [(([   Elf:2 ([   Elf:3 (:   Shoals:3 [   Shoals:4 *   Vaults:1 ((?*(

Portals:
Trove: D:12 (give 11 potions of heal wounds)

Annotations:
Snake:3 poison place
Vaults:5 Mara


Innate Abilities, Weirdness & Mutations

Your flesh is heat resistant. (rF+)


Message History

Unknown command.
Unknown command.
Casting: Iskenderun's Mystic Blast (safe; 0% risk of failure)
Confirm with . or Enter, or press ? or * to list all spells.
Casting: Ignition (dangerous; 1% risk of failure)
Press: ? - help, Dir - look around, f - activate The air bursts into flame!
The fireball engulfs the golden dragon.
The golden dragon resists.
The golden dragon is lightly wounded.
The golden dragon roars deafeningly!
The fireball engulfs Mara!
Mara resists.
Mara is lightly wounded.
The fireball engulfs Mara.
Mara resists.
Mara is lightly wounded.
The fireball engulfs the phantasmal warrior.
The phantasmal warrior is lightly damaged.
The fireball engulfs Mara.
Mara resists.
Mara is lightly wounded.
The fireball engulfs the phantasmal warrior!
The phantasmal warrior is moderately damaged.
The fireball engulfs Mara.
Mara resists.
Mara is lightly wounded.
The fireball engulfs Mara.
Mara resists.
Mara is lightly wounded.
The fireball engulfs the golden dragon!
The golden dragon resists.
The golden dragon is lightly wounded.
The fireball engulfs Mara!
Mara resists.
Mara is moderately wounded.
The fireball engulfs Mara.
Mara resists.
Mara is lightly wounded.
You hear a deafening roar!
You hear a shout! x3
Mara says, "Thou art lean, ill-favoured, death is in thy neighbourhood!"
Mara hits you with a +1 demon trident of freezing!
Mara hits you from afar with a +1 demon trident of freezing!!
* * * LOW HITPOINT WARNING * * *
Mara closely misses you.
Mara hits you from afar with a +1 demon trident of freezing!
* * * LOW HITPOINT WARNING * * *
The golden dragon bites you!!
You die...

.......@.......
##########R...)...
..................
#..........#....#.
#..........#....#
#...#####..#....#
#R..# #..#....#
..#####...#
#..#....#
.....WR@R.# #....#
......D...# #(...#
..#####......
#....# #........
#....# #........
#....# #........
#....# #........
#....# ....#####
#....# #....#


You could see 3 Maras, a golden dragon and a phantasmal warrior.

Vanquished Creatures
  the Royal Jelly (Slime:5)
  Saint Roka (Snake:3)
  Nikola (Vaults:1)
  A tentacled monstrosity (Vaults:5)
  2 deep elf blademasters
  Asterion (Elf:3)
  Zenata (Elf:3)
  2 liches (Vaults:2)
  A quicksilver dragon (Snake:4)
  2 deep elf master archers (Elf:3)
  21 acid blobs
  A titan (Vaults:5)
  A kraken (Shoals:4)
  The ghost of scarr the Scorcher, an adept DrSu of Ashenzari (Vaults:2)
  Polyphemus (Shoals:2)
  A shadow dragon (Vaults:2)
  Aizul (Elf:3)
  Donald (Elf:3)
  A tengu reaver (Vaults:5)
  13 rockslimes
  12 azure jellies
  2 nagarajas
  7 deep elf sorcerers (Elf:3)
  14 vault wardens
  5 deep elf elementalists
  The ghost of jamsaran the Worldbinder, an adept TeSu of Nemelex Xobeh (Shoals:4)
  3 orc warlords
  12 quicksilver oozes
  18 ironbound preservers
  The ghost of Vyshex the Spear-Bearer, a journeyman MfGl of Hepliaklqana (D:15)
  4 formless jellyfish
  6 ironbound thunderhulks
  2 stone giants
  A war gargoyle (Vaults:4)
  10 deep elf death magi
  4 deep elf demonologists (Elf:3)
  Nessos (Lair:3)
  10 dire elephants
  5 deep elf annihilators (Elf:3)
  Snorg (D:13)
  8 merfolk javelineers
  Josephine (Orc:2)
  2 crystal guardians (Vaults:4)
  2 ettins
  8 merfolk impalers
  An entropy weaver (Vaults:2)
  7 yaktaur captains
  40 vault guards
  5 deep elf high priests (Elf:3)
  10 hydras
  18 great orbs of eyes
  An alligator snapping turtle (Shoals:4)
  4 ogre magi
  5 salamander tyrants
  3 peacekeepers
  Erolcha (D:13)
  10 centaur warriors
  3 merfolk avatars
  A catoblepas (Shoals:2)
  6 ironbound frosthearts
  24 dancing weapons
  4 boulder beetles
  A spectral stone giant (Vaults:2)
  2 satyrs
  A merfolk aquamancer (Shoals:4)
  18 anacondas
  15 two-headed ogres
  13 death yaks
  A deep troll earth mage (D:15)
  2 orc high priests (Orc:1)
  12 naga warriors
  16 naga sharpshooters
  23 deep elf knights
  Sonja (D:11)
  9 shock serpents
  11 skysharks
  4 salamander mystics
  A shadow wraith (Vaults:3)
  14 deep elf archers
  6 skeletal warriors
  37 deep trolls
  2 goliath frogs (Lair:5)
  14 sea snakes
  An orange crystal statue (Elf:1)
  A glowing orange brain (Vaults:3)
  14 mana vipers
  6 lindwurms
  A sun moth (shapeshifter) (Vaults:2)
  15 ironbound convokers
  2 bog bodies (IceCv)
  2 flayed ghosts
  5 necromancers
  9 harpies
  13 arcanists
  11 naga ritualists
  29 deep elf zephyrmancers
  7 cyclopes
  39 deep elf pyromancers
  5 orc knights
  4 thermic dynamos
  4 phantasmal warriors
  A faun (shapeshifter) (Vaults:3)
  15 salamanders
  8 fauns
  2 orc sorcerers (Orc:1)
  8 shining eyes
  5 oklob plants (Lair:4)
  2 wolf spiders (Lair:3)
  13 ugly things
  3 large abominations (Elf:1)
  18 manticores
  8 merfolk sirens
  4 guardian serpents
  A kobold blastminer (Orc:1)
  8 elephants
  13 water nymphs
  4 eyes of devastation
  19 naga magi
  74 black mambas
  11 vault sentinels
  A water nymph (shapeshifter) (Vaults:1)
  An ice statue (IceCv)
  The ghost of EvilEddieB the Grave Robber, a novice DsNe (D:5)
  3 unseen horrors
  A kobold demonologist (D:9)
  An efreet (D:14)
  21 yaktaurs
  23 cane toads
  11 komodo dragons
  A rime drake (Lair:5)
  A freezing wraith (D:14)
  Psyche (D:11)
  A tengu conjurer (D:15)
  33 merfolk
  4 polar bears (Lair:4)
  A tyrant leech (Lair:5)
  5 wind drakes
  12 trolls
  A tarantella (shapeshifter) (D:14)
  A hornet (D:10)
  14 blink frogs
  5 glass eyes
  15 dream sheep
  126 slime creatures
  14 snapping turtles
  A centaur simulacrum (D:15)
  4 air elementals
  4 shadows
  40 yaks
  7 wraiths
  7 water elementals
  A dire elephant simulacrum (IceCv)
  4 wyverns
  3 basilisks
  2 wargs (Orc:1)
  3 fire elementals
  3 death yak simulacra (IceCv)
  2 golden eyes (Slime:4)
  15 vampire mosquitoes
  2 redbacks (Vaults:2)
  43 nagas
  Menkaure (D:4)
  2 acid dragons
  A harpy simulacrum (IceCv)
  2 swamp worms (shapeshifter)
  18 water moccasins
  2 ice beasts
  2 black bears
  3 sky beasts
  20 ogres
  16 orc warriors
  4 boggarts (D:14)
  2 laughing skulls (D:15)
  23 wolves
  16 centaurs
  A phantom (D:7)
  18 bullfrogs
  5 kobold brigands
  2 elf zombies (Elf:1)
  A gnoll sergeant (D:6)
  6 two-headed ogre simulacra
  A scorpion (D:3)
  A cane toad simulacrum (IceCv)
  3 earth elementals
  7 wights
  6 killer bees (D:5)
  4 elephant simulacra (IceCv)
  5 howler monkeys
  3 lava snakes (Lair:2)
  4 bombardier beetles
  3 hounds
  3 jellies
  21 orc priests
  A gnoll bouda (D:6)
  Ijyb (D:5)
  Terence (D:2)
  6 iguanas
  18 orc wizards
  4 polar bear simulacra (IceCv)
  3 spriggan simulacra (IceCv)
  3 troll simulacra
  3 wolf simulacra (IceCv)
  Robin (D:3)
  7 adders
  14 gnolls
  8 naga simulacra (IceCv)
  A shadow imp (D:6)
  8 white imps
  10 ufetubi
  2 dart slugs
  4 ribbon worms
  77 orcs
  13 endoplasms
  7 giant cockroaches
  15 goblins
  5 hobgoblins
  5 jackals (D:1)
  2 quokkas (D:1)
  6 ball pythons
  7 bats
  3 frilled lizards
  22 kobolds
  10 rats
  5 fulminant prisms
1843 creatures vanquished.

Vanquished Creatures (others)
  467 fulminant prisms
467 creatures vanquished.

Grand Total: 2310 creatures vanquished

Notes
Turn   | Place    | Note
-------+----------+-------------------------------------------
     0 | D:1      | GnamariM the Deep Elf Conjurer began the quest for the Orb.
     0 | D:1      | Reached XP level 1. HP: 10/10 MP: 6/6
     1 | D:1      | Found a runed translucent door.
   336 | D:1      | Reached XP level 2. HP: 15/15 MP: 5/8
   340 | D:1      | Learned a level 2 spell: Searing Ray
   403 | D:1      | Found Iqoma's General Store.
   408 | D:1      | Bought a scroll of fog for 52 gold pieces
  1137 | D:2      | Found a faded altar of an unknown god.
  1198 | D:2      | Reached skill level 4 in Spellcasting
  1198 | D:2      | Reached skill level 5 in Conjurations
  1198 | D:2      | Reached XP level 3. HP: 19/19 MP: 5/10
  1799 | D:2      | Noticed Terence
  2103 | D:3      | Noticed Robin
  2113 | D:3      | Killed Robin
  2114 | D:3      | Reached XP level 4. HP: 24/24 MP: 3/12
  2289 | D:3      | Reached skill level 5 in Spellcasting
  2357 | D:3      | Found Gomn's Armour Emporium.
  2363 | D:3      | Reached XP level 5. HP: 28/28 MP: 6/14
  2368 | D:3      | Learned a level 4 spell: Fulminant Prism
  2373 | D:3      | Learned a level 4 spell: Iskenderun's Mystic Blast
  2541 | D:3      | Reached skill level 6 in Spellcasting
  3209 | D:4      | Found Kaisch's Weapon Shop.
  3209 | D:4      | Found Itastron's Antique Weapon Shop.
  3209 | D:4      | Found Gohies's Book Shop.
  3429 | D:4      | Reached XP level 6. HP: 32/32 MP: 12/17
  3852 | D:4      | Noticed Menkaure
  3933 | D:4      | Killed Menkaure
  3934 | D:4      | Reached skill level 7 in Spellcasting
  4447 | D:1      | Bought a scroll of poison for 52 gold pieces
  4447 | D:1      | Bought a scroll of revelation for 97 gold pieces
  4447 | D:1      | Bought a scroll of enchant weapon for 97 gold pieces
  4636 | D:5      | Entered Level 5 of the Dungeon
  4709 | D:5      | Reached skill level 1 in Translocations
  4709 | D:5      | Reached skill level 1 in Alchemy
  4709 | D:5      | Reached XP level 7. HP: 30/36 MP: 12/19
  4988 | D:5      | Reached skill level 8 in Spellcasting
  5083 | D:5      | Noticed Ijyb
  5089 | D:5      | Killed Ijyb
  5169 | D:5      | Found a staircase to the Ecumenical Temple.
  5178 | Temple   | Entered the Ecumenical Temple
  5193 | Temple   | Became a worshipper of Vehumet
  5330 | D:5      | Reached XP level 8. HP: 38/41 MP: 15/22
  5965 | D:5      | Found a runed translucent door.
  5965 | D:5      | Noticed EvilEddieB's ghost (novice DsNe)
  6789 | D:6      | Reached skill level 9 in Spellcasting
  6950 | D:6      | Found Sureoq's Superlative Supplies.
  7064 | D:6      | You fall into a shaft and drop 1 floor!
  7146 | D:7      | Identified the ring "Vifrixil" {rCorr Int+6 Dex+4 Slay-5}
  7154 | D:7      | Reached * piety under Vehumet
  7154 | D:7      | Offered knowledge of Sandblast by Vehumet.
  7482 | D:6      | Found an opulent altar of Gozag.
  7660 | D:6      | Reached XP level 9. HP: 45/45 MP: 20/24
  7841 | D:6      | Reached skill level 5 in Translocations
  7912 | D:6      | Found a sacrificial altar of Ru.
  7982 | D:6      | Reached skill level 5 in Alchemy
  8466 | D:7      | Found a blossoming altar of Fedhas.
  8586 | D:7      | Reached skill level 10 in Spellcasting
  9215 | D:8      | Reached ** piety under Vehumet
  9218 | D:8      | Identified the +2 cloak of Jeckoalell {rElec rF+ Dex-5}
  9286 | D:8      | Offered knowledge of Scorch by Vehumet.
  9696 | D:8      | Reached skill level 11 in Spellcasting
  9696 | D:8      | Reached XP level 10. HP: 50/50 MP: 8/27
  9880 | D:8      | Reached skill level 10 in Conjurations
 10849 | D:9      | Offered knowledge of Mephitic Cloud by Vehumet.
 11041 | D:9      | Reached *** piety under Vehumet
 11142 | D:9      | Reached skill level 12 in Spellcasting
 11237 | D:9      | Found a snail-covered altar of Cheibriados.
 11340 | D:9      | Noticed a two-headed ogre
 11347 | D:9      | Killed a two-headed ogre
 11593 | D:10     | Entered Level 10 of the Dungeon
 11715 | D:10     | Noticed an arcanist
 11721 | D:10     | Killed an arcanist
 11722 | D:10     | Reached XP level 11. HP: 54/54 MP: 9/29
 11954 | D:10     | Found a staircase to the Lair.
 11966 | D:10     | Found Magouv Vita's Armour Shoppe.
 12007 | D:10     | Offered knowledge of Flame Wave by Vehumet.
 12414 | D:10     | Noticed an arcanist
 12418 | D:10     | Killed an arcanist
 12609 | D:10     | Noticed an arcanist
 12614 | D:10     | Killed an arcanist
 12696 | D:10     | Noticed an arcanist
 12703 | D:10     | Killed an arcanist
 12703 | D:10     | Noticed an arcanist
 12704 | D:10     | Killed an arcanist
 12705 | D:10     | Reached skill level 13 in Spellcasting
 12946 | D:10     | Noticed a two-headed ogre
 12946 | D:10     | Found the +3 warlock's mirror {omnireflect}
 12951 | D:10     | Killed a two-headed ogre
 12970 | D:10     | Noticed an arcanist
 12976 | D:10     | Killed an arcanist
 12989 | D:10     | Noticed an arcanist
 12993 | D:10     | Noticed an arcanist
 12994 | D:10     | Killed an arcanist
 12997 | D:10     | Killed an arcanist
 13116 | D:10     | Noticed an arcanist
 13123 | D:10     | Killed an arcanist
 13424 | D:2      | Killed Terence
 13495 | D:5      | Killed EvilEddieB's ghost
 13660 | D:10     | Bought a +3 leather armour of cold resistance for 360 gold
                  | pieces
 13678 | D:11     | Found Keuvikh's Weapon Emporium.
 13719 | D:11     | Found a frozen archway.
 13740 | D:11     | Noticed Sonja
 13748 | D:11     | Killed Sonja
 13749 | D:11     | Reached skill level 10 in Alchemy
 13868 | IceCv    | Entered an ice cave
 13888 | IceCv    | Reached **** piety under Vehumet
 13977 | IceCv    | Reached skill level 10 in Translocations
 14043 | IceCv    | Offered knowledge of Yara's Violent Unravelling by Vehumet.
 14270 | IceCv    | Reached XP level 12. HP: 45/59 MP: 24/31
 14954 | IceCv    | Reached skill level 14 in Spellcasting
 15063 | IceCv    | Found the +2 shield of Resistance {rF++ rC++ Will++}
 15200 | D:11     | Noticed Psyche
 15205 | D:11     | Killed Psyche
 15406 | D:11     | Found a staircase to the Orcish Mines.
 15423 | D:11     | Reached ***** piety under Vehumet
 15423 | D:11     | Offered knowledge of Arcjolt by Vehumet.
 16275 | D:12     | Noticed an eight-headed hydra
 16284 | D:12     | Killed an eight-headed hydra
 16417 | D:12     | Noticed a centaur warrior
 16428 | D:12     | Killed a centaur warrior
 16664 | D:12     | Found an ornate altar of the Wu Jian Council.
 16768 | D:12     | Reached skill level 1 in Evocations
 16830 | D:12     | Reached skill level 1 in Shields
 17111 | D:12     | Found a portal to a secret trove of treasure.
 17419 | D:12     | Reached skill level 15 in Spellcasting
 17501 | D:13     | Noticed a four-headed hydra
 17506 | D:13     | Killed a four-headed hydra
 17793 | D:13     | Noticed Snorg
 17797 | D:13     | Noticed Erolcha
 17804 | D:13     | Killed Erolcha
 17816 | D:13     | Killed Snorg
 18003 | D:13     | Noticed a boulder beetle
 18004 | D:13     | Reached XP level 13. HP: 63/63 MP: 19/34
 18659 | D:13     | Found a glowing silver altar of Zin.
 18660 | D:13     | Noticed an angel
 18910 | Lair:1   | Entered Level 1 of the Lair of Beasts
 18916 | Lair:1   | Got the Almanac of the Nine Mystics
 19873 | Lair:1   | Learned a level 8 spell: Ignition
 19915 | Lair:2   | Offered knowledge of Freezing Cloud by Vehumet.
 20038 | Lair:2   | Reached skill level 5 in Evocations
 20231 | Lair:2   | Found a staircase to the Shoals.
 20483 | Lair:2   | Reached skill level 16 in Spellcasting
 20949 | Lair:2   | Reached skill level 5 in Dodging
 20952 | Lair:2   | Reached skill level 5 in Shields
 21030 | Lair:2   | Found a bloodstained altar of Trog.
 21086 | Lair:2   | Reached skill level 1 in Fighting
 21086 | Lair:2   | Reached skill level 1 in Armour
 21430 | Lair:2   | Found a staircase to the Snake Pit.
 22115 | Lair:3   | Noticed Nessos
 22120 | Lair:3   | Killed Nessos
 22142 | Lair:3   | Reached XP level 14. HP: 74/74 MP: 8/36
 23287 | Lair:4   | Found the +1 robe of Vines {NoPotionHeal Regen++++}
 23521 | Lair:4   | Reached skill level 5 in Fighting
 23521 | Lair:4   | Reached skill level 5 in Armour
 23671 | Lair:4   | Reached skill level 1 in Fire Magic
 23671 | Lair:4   | Reached skill level 1 in Earth Magic
 25061 | Lair:4   | Identified the +6 great sword "Ulouqut" {freeze, Fly rF+
                  | Int+3}
 25141 | Lair:5   | Entered Level 5 of the Lair of Beasts
 25226 | Lair:5   | Reached skill level 5 in Fire Magic
 25226 | Lair:5   | Reached skill level 5 in Earth Magic
 26410 | Lair:5   | Offered knowledge of Fireball by Vehumet.
 26802 | Lair:5   | Found a staircase to the Slime Pits.
 26852 | Lair:5   | Learned a level 5 spell: Fireball
 27226 | Lair:5   | Reached XP level 15. HP: 80/82 MP: 13/37
 27829 | D:14     | Found Supn's Armour Shoppe.
 28483 | D:13     | HP: 4/82 [poisoned by a vault guard (curare-tipped dart)]
 28738 | Orc:1    | Entered Level 1 of the Orcish Mines
 29080 | Orc:1    | Offered knowledge of Ozocubu's Refrigeration by Vehumet.
 29565 | Orc:1    | Found a roughly hewn altar of Beogh.
 29703 | Orc:1    | Found Toffihul's Assorted Antiques.
 29710 | Orc:1    | Bought a scroll of identify for 46 gold pieces
 29710 | Orc:1    | Bought a brown potion for 20 gold pieces
 29710 | Orc:1    | Bought a scroll of revelation for 172 gold pieces
 29710 | Orc:1    | Bought a scroll of teleportation for 69 gold pieces
 29723 | Orc:2    | Entered Level 2 of the Orcish Mines
 29928 | Orc:2    | Found a staircase to the Elven Halls.
 30105 | Orc:2    | Noticed Josephine
 30108 | Orc:2    | Killed Josephine
 30746 | Orc:2    | Reached skill level 10 in Fire Magic
 30746 | Orc:2    | Reached skill level 10 in Earth Magic
 31121 | Orc:2    | Reached skill level 5 in Stealth
 31988 | Orc:2    | Found Ydiam's Armour Shoppe.
 31991 | Orc:2    | Found Doschana's Antique Weapon Emporium.
 31992 | Orc:2    | Found Paaxtyph's Antique Weapon Shoppe.
 31993 | Orc:2    | Found Focemm's Antique Armour Boutique.
 32008 | Orc:2    | Bought a pair of glowing boots for 262 gold pieces
 32224 | Snake:1  | Entered Level 1 of the Snake Pit
 32244 | Snake:1  | Offered knowledge of Lee's Rapid Deconstruction by Vehumet.
 32248 | Snake:1  | Reached ****** piety under Vehumet
 33068 | Snake:1  | Reached XP level 16. HP: 87/87 MP: 27/38
 33145 | Snake:1  | Learned a level 6 spell: Bombard
 34032 | Snake:1  | Learned a level 5 spell: Lee's Rapid Deconstruction
 36049 | Snake:3  | Found a huge runed translucent gate.
 36049 | Snake:3  | Found a huge runed translucent gate.
 36248 | Snake:2  | Offered knowledge of Plasma Beam by Vehumet.
 36469 | Snake:3  | Noticed Saint Roka
 36643 | Snake:3  | Found a huge runed translucent gate.
 36644 | Snake:3  | Found a huge runed translucent gate.
 36644 | Snake:3  | Found a huge runed translucent gate.
 38202 | Snake:4  | Entered Level 4 of the Snake Pit
 38206 | Snake:4  | Reached XP level 17. HP: 93/93 MP: 32/39
 38444 | Snake:4  | Offered knowledge of Starburst by Vehumet.
 41968 | Snake:4  | Noticed a quicksilver dragon
 41974 | Snake:4  | Killed a quicksilver dragon
 42187 | Snake:4  | Got a serpentine rune of Zot
 42402 | Shoals:1 | Entered Level 1 of the Shoals
 42467 | Shoals:1 | Offered knowledge of Fire Storm by Vehumet.
 42467 | Shoals:1 | Offered knowledge of Polar Vortex by Vehumet.
 42467 | Shoals:1 | Offered knowledge of Maxwell's Capacitive Coupling by
                  | Vehumet.
 42483 | Lair:2   | Learned a level 9 spell: Fire Storm
 44513 | Shoals:2 | Noticed Polyphemus
 44546 | Shoals:2 | Killed Polyphemus
 44547 | Shoals:2 | Reached XP level 18. HP: 89/98 MP: 6/40
 46287 | Shoals:3 | Identified the ring "Hoarenoc" {rN+ Dex+3}
 46307 | Shoals:3 | Found Toseq's Antique Armour Shop.
 47772 | Shoals:4 | Entered Level 4 of the Shoals
 48381 | Shoals:4 | Found a runed translucent door.
 48383 | Shoals:4 | Found a shimmering altar of Xom.
 48383 | Shoals:4 | Noticed jamsaran's ghost (adept TeSu)
 49788 | Shoals:4 | Identified the ring of Elyvilon's Grace {rPois Int+5}
 50097 | Shoals:4 | Found Rekhloosch's General Store.
 50100 | Shoals:4 | Bought a potion of ambrosia for 160 gold pieces
 50100 | Shoals:4 | Bought a wand of iceblast (4) for 192 gold pieces
 50591 | Shoals:4 | Identified the ring of Bahugai {rN+ Will+}
 50787 | Shoals:4 | Got a barnacled rune of Zot
 51177 | Shoals:4 | Killed jamsaran's ghost
 51182 | Shoals:4 | Identified the +2 helmet of the Jackalope {rF+ Will+ Str+3}
 52430 | D:14     | Bought a +2 pair of gloves for 264 gold pieces
 52611 | D:14     | Reached skill level 15 in Conjurations
 52726 | D:14     | Found a gate to the Vaults.
 52989 | D:14     | Found the +9 sword of Power {lifebolt}
 53086 | D:15     | Entered Level 15 of the Dungeon
 53091 | D:15     | Reached skill level 17 in Spellcasting
 53242 | D:15     | Found a runed translucent door.
 53244 | D:15     | Noticed Vyshex's ghost (journeyman MfGl)
 53565 | D:15     | Found a staircase to the Depths.
 53621 | D:15     | Reached XP level 19. HP: 105/105 MP: 24/42
 54661 | Slime:1  | Entered Level 1 of the Pits of Slime
 55324 | Vaults:1 | Entered Level 1 of the Vaults
 55719 | Vaults:1 | Upgraded the game from 0.32-a0-913-g739538afd8 to
                  | 0.32-a0-918-g0f22ef8d61
 56076 | Vaults:1 | Found Wesepp's Magic Scroll Shop.
 56076 | Vaults:1 | Found Runaxeto's Antique Weapon Shop.
 56205 | Vaults:1 | Noticed Nikola
 56219 | Vaults:1 | Killed Nikola
 56345 | Vaults:1 | Reached skill level 15 in Fire Magic
 56645 | Vaults:1 | Reached skill level 15 in Earth Magic
 57141 | Vaults:1 | Bought a scroll of blinking for 97 gold pieces
 57163 | Vaults:1 | Found Roal's Weapon Shop.
 57299 | Vaults:1 | Found Bathroast's Weapon Boutique.
 57693 | Vaults:1 | Found Saont's General Store.
 57702 | Vaults:1 | Bought a potion of heal wounds for 105 gold pieces
 59018 | Vaults:2 | You fall into a shaft and drop 2 floors!
 59551 | Vaults:4 | Reached XP level 20. HP: 112/112 MP: 32/43
 60854 | Vaults:2 | Found a transporter.
 60854 | Vaults:2 | Noticed scarr's ghost (adept DrSu)
 60855 | Vaults:2 | Found a transporter.
 61435 | Vaults:3 | Found a staircase to the Crypt.
 63812 | Vaults:4 | Reached skill level 18 in Spellcasting
 66214 | Slime:2  | Gained mutation: You sometimes lose your temper in combat.
                  | [a shining eye]
 66796 | Slime:3  | Reached skill level 19 in Spellcasting
 66797 | Slime:3  | Gained mutation: You are vulnerable to heat. (rF-) [a
                  | shining eye]
 67098 | Slime:3  | Reached XP level 21. HP: 117/117 MP: 37/46
 67712 | Slime:4  | Paralysed by a formless jellyfish for 1 turns
 68740 | Slime:5  | Entered Level 5 of the Pits of Slime
 69082 | Slime:5  | Noticed the Royal Jelly
 70411 | Slime:5  | Found a viscous altar of Jiyva.
 70412 | Slime:5  | Found the ring of the Hare {EV+10}
 70740 | Slime:5  | Killed the Royal Jelly
 70759 | Slime:5  | Identified the +2 leather armour "Foubre" {Rampage}
 70816 | Slime:5  | Identified the ring of Diwast {rF+ rC++}
 70834 | Slime:5  | Got a slimy rune of Zot
 70838 | Slime:5  | Got the Parchment of the Burn and Hexes
 70890 | Slime:5  | Identified the +2 robe of the Heavens {rC- rCorr Dex+6
                  | Archmagi}
 70906 | Slime:5  | Identified the amulet "Anaemydy" {Faith rElec Dex+8}
 70940 | Slime:5  | Identified the +5 ring mail "Diagge" {rF+}
 72051 | Lair:1   | Lost mutation: You are vulnerable to heat. (rF-) [potion of
                  | mutation]
 72051 | Lair:1   | Lost mutation: You sometimes lose your temper in combat.
                  | [potion of mutation]
 72051 | Lair:1   | Gained mutation: Your flesh is heat resistant. (rF+)
                  | [potion of mutation]
 72131 | Elf:1    | Entered Level 1 of the Elven Halls
 72884 | Elf:1    | Got the Quarto of the Departed
 73690 | Elf:2    | Found a runed translucent gate.
 73691 | Elf:2    | Found a runed translucent gate.
 73692 | Elf:2    | Found a runed translucent gate.
 74045 | Elf:2    | Found an ancient bone altar of Kikubaaqudgha.
 74048 | Elf:2    | Paralysed by an air elemental for 1 turns
 74087 | Elf:2    | Paralysed by an air elemental for 1 turns
 74214 | Elf:2    | Found Feirueck's Antique Armour Shop.
 74481 | Elf:2    | Found Ajoeroor's Antique Weapon Emporium.
 75004 | Elf:2    | Reached XP level 22. HP: 125/125 MP: 25/47
 75667 | Elf:3    | Entered Level 3 of the Elven Halls
 75667 | Elf:3    | Noticed Asterion
 76083 | Elf:3    | Found Rien's Vocational Training.
 76090 | Elf:3    | Bought a manual of Evocations for 880 gold pieces
 76589 | Elf:3    | Identified the +3 kite shield of the Lair of Beasts {rC+
                  | Str+5}
 76589 | Elf:3    | Noticed Donald
 76602 | Elf:3    | Killed Donald
 76900 | Elf:3    | Killed Asterion
 76923 | Elf:3    | Found Jeihee's Weapon Emporium.
 76974 | Elf:3    | Identified the +10 sling of Uskayaw's Inspiration {heavy,
                  | rC+ Str+3 Int+7 Dex-4}
 77306 | Elf:3    | Noticed Zenata
 77310 | Elf:3    | Identified the serpent talisman of Hixkoolent {rN+ rCorr
                  | Str+2 Int+3}
 77310 | Elf:3    | Noticed Aizul
 77312 | Elf:3    | Killed Zenata
 77602 | Elf:3    | Identified the staff "Mutayw" {rPois rN+ Necro}
 77903 | Elf:3    | Identified the +4 long sword of Watchfulness {antimagic,
                  | rC+++ Will- Str+4}
 78001 | Elf:3    | Reached skill level 20 in Spellcasting
 78118 | Elf:3    | Identified the ring "Dajoopn" {*Slow rF+ rC+ Str+3 Int+6}
 78307 | Elf:3    | Identified the +7 scimitar of Yplapp {protect, rCorr MP+9
                  | Dex+3}
 78366 | Elf:3    | Identified the +0 ring mail "Jaxt" {rElec rC++}
 78413 | Elf:3    | Found the +0 cloak of the Thief {Quiet Slay-3 SInv Stlth+}
 78478 | Elf:3    | Identified the +2 scale mail "Reunekh" {-Cast Will+ rCorr
                  | Slay+2}
 78481 | Elf:3    | Got the Guidebook on Glowing Conjuring
 78524 | Elf:3    | Killed Aizul
 78985 | D:15     | Killed Vyshex's ghost
 79770 | Snake:3  | Killed Saint Roka
 80200 | Vaults:2 | Killed scarr's ghost
 80475 | Vaults:5 | Entered Level 5 of the Vaults
 80475 | Vaults:5 | Noticed a dread lich
 80477 | Vaults:5 | Reached skill level 21 in Spellcasting
 80501 | Vaults:5 | Noticed Mara
 80503 | Vaults:5 | Noticed GnamariM's illusion
 80544 | Vaults:5 | Identified the ring of Amelioration {rF+ rC+ Dex+4}
 80547 | Vaults:5 | Reached XP level 23. HP: 48/129 MP: 14/50
 80564 | Vaults:5 | Noticed a dread lich
 80574 | Vaults:5 | Mangled by a golden dragon

Illustrated notes

Levels and vault maps discovered:
D:1:      dpeg_arrival_caged_fury, layout_basic, serial_shops,
          nicolae_shop_crystal, hangedman_abyss_or_decor_stabs, hex_medium
D:2:      layout_loops_ring, shapermc_ecumenical_altar_mp_ritualfount,
          uniq_terence
D:3:      layout_basic, serial_shops, shop, grunt_decor_one_mirror,
          corexii_corridor_pit, uniq_robin
D:4:      black_bear_nest_2, layout_basic, nicolae_shop_distant_corner_stores,
          uniq_menkaure
D:5:      layout_layer_cave, temple_hall, gammafunk_ghost_grave, uniq_ijyb
D:6:      layout_loops_ring, grunt_gozag_breadcrumbs,
          nicolae_ru_the_path_less_chosen, nrook_mini_backslash,
          nicolae_alphabet_shops
D:7:      nicolae_cairo_tiling_large, layout_loops_ring, fedhas_altar_3,
          billiards_dpeg
D:8:      layout_basic
D:9:      layout_rooms, amcnicky_altar_gilded
D:10:     minmay_smoke_and_mirrors, layout_loops_cross, lair_entry_dummy,
          serial_shops, shop
D:11:     layout_cave_pods, hiddenorc2_lemuel, serial_shops,
          nicolae_square_shop, portal_ice_cave_entry_ice_simulacra, uniq_sonja,
          uniq_psyche
D:12:     layout_irregular_city, trove_entry_hex_spiral,
          nicolae_wu_jian_wuxing_cycle
D:13:     layout_big_octagon, zin_angel, uniq_snorg, uniq_erolcha
D:14:     minmay_guarded_unrand_sword_of_power, layout_rooms, david_vaults_4,
          serial_shops, nicolae_shop_crystal
D:15:     hellmonk_depths_entry_around_the_bend, layout_gridville,
          ebering_ghost_reflecting_pool
Temple:   eino_narrow_crystal_temple
Lair:1:   layout_big_grid, chequers_serial_rivers_large_b, grunt_megastairs_1
Lair:2:   layout_gridlike, shoals_dummy_entry, nicolae_snake_entry_warm_welcome,
          basic_altar
Lair:3:   layout_layer_cave, nicolae_lair_run_with_the_wolves, uniq_nessos
Lair:4:   minmay_lair_oklob_tunnel, layout_misc_corridors, serial_bayou_pond_a,
          hellmonk_guarded_unrand_vines
Lair:5:   minmay_lair_end_frog_pond, layout_long_grid, slime_entry_1
Shoals:1: layout_shoals, nicolae_shoals_the_drawing_of_the_three
Shoals:2: layout_shoals, uniq_polyphemus
Shoals:3: layout_shoals, nicolae_shoals_c_island
Shoals:4: shoals_end_simple, layout_shoals, ebering_ghost_xom, serial_shops,
          nicolae_shop_real_fake_doors, nicolae_shoals_kraken_intersection
Snake:1:  layout_chambers, nicolae_snake_springs
Snake:2:  layout_onion
Snake:3:  layout_misc_corridors, hangedman_venom_bottle, uniq_saint_roka
Snake:4:  hellmonk_snake_rune_quicksilver_temple, layout_layer_cave,
          grunt_megastairs_5, lemuel_fruit_tree
Slime:1:  layout_caves
Slime:2:  layout_caves
Slime:3:  layout_caves
Slime:4:  layout_caves
Slime:5:  slime_pit_nicolae_block_by_block
Orc:1:    layout_caves, serial_shops, shop, minmay_orc_temple_c
Orc:2:    st_orc_open, layout_caves, uniq_josephine
Elf:1:    minmay_elf_arrival_plus, layout_geoelf_octagon, minmay_elf_necromancy,
          minivault_15, serial_sigils_hangedman_snap
Elf:2:    elven_hall_of_blades_hangedman_original
          [nicolae_blade_entry_area_security], layout_rooms, basic_altar,
          serial_shops, nicolae_shop_scrapyard, shop
Elf:3:    minmay_elf_hall_spiked, layout_rooms, serial_shops, shop,
          nicolae_shop_vocational, uniq_aizul, uniq_zenata, uniq_asterion,
          uniq_donald
Vaults:1: nicolae_vaults_taking_the_gang_shopping, nicolae_vaults_alarming,
          nicolae_vaults_doubleplus_tesselated, ontoclasm_vaults_hangar,
          nicolae_vaults_specimen_jars, nicolae_vaults_trapezoid_1,
          ontoclasm_vaults_ring_small, nicolae_vaults_sesquioval_fish,
          hangedman_vaults_nodes, nicolae_vaults_twisting_passages,
          nicolae_vaults_trapezoid_lopsided_4, nicolae_vaults_double_plus_1,
          hangedman_vaults_hard_town_square, hangedman_vaults_impose,
          layout_vaults_omnibox, serial_shops, nicolae_shop_advertising_works
          [nicolae_subvault_shop_adworks], uniq_nikola
Vaults:2: gammafunk_ghost_mausoleum, nicolae_vaults_shipping_containers_3,
          nicolae_vaults_trapezoid_layered, vaults_room_door_ring,
          nicolae_vaults_sesquioval_fish, vaults_dpeg_ring,
          hangedman_vaults_corner, layout_vaults_quadrants
Vaults:3: hangedman_vaults_impose, nicolae_vaults_six-pack,
          vaults_room_ringed_pool, nicolae_vaults_trapezoid_lopsided_2,
          nicolae_vaults_turnstiles, nicolae_vaults_sealed_display,
          hangedman_vaults_snaps, nicolae_vaults_diamond_1,
          nicolae_vaults_heart-shaped_vault,
          hangedman_vaults_stretched_pinwheel, nicolae_vaults_enemy_cabinets,
          nicolae_vaults_trapezoid_lopsided_1, layout_vaults_chaotic_city
Vaults:4: hangedman_vaults_impose, v_pattern_4, hangedman_vaults_river_flow,
          nicolae_vaults_three_branches, ontoclasm_vaults_pinch,
          ontoclasm_vaults_claustrophobia, v_misc_5, v_misc_5,
          nicolae_vaults_closet_pinwheel_3, v_misc_14, hangedman_vaults_impose,
          vaults_room_large_hall, nicolae_vaults_apartment_2,
          nicolae_vaults_two_Ls, nicolae_vaults_little_squares_5,
          ontoclasm_vaults_loading_screen, nicolae_vaults_diamond_2,
          layout_vaults_ring
Vaults:5: uniq_mara, uniq_mennas, uniq_jory

Skill      XL: |  1  2  3  4  5  6  7  8  9 10 11 12 13 14 15 16 17 18 19 20 21 22 |
---------------+-------------------------------------------------------------------+-----
Spellcasting   | 4 5 6 7 8 9 11 12 13 15 16 17 19 21 | 21.0
Conjurations   | 5 6 7 8 9 11 12 13 14 15 16 17 18 20 | 20.0
Translocations | 1 3 4 6 8 10 11 12 14 | 14.0
Alchemy        | 1 3 4 6 8 10 11 12 14 | 14.0
Evocations     | 3 5 6 7 8 9 |  9.0
Shields        | 2 5 6 7 8 9 |  9.0
Dodging        | 5 6 7 8 9 |  9.0
Fighting       | 3 5 6 7 8 9 |  9.0
Armour         | 3 5 6 7 8 9 |  9.0
Fire Magic     | 7 10 12 13 14 16 18 | 18.0
Earth Magic    | 7 10 12 13 14 16 18 | 18.2
Stealth        | 5 6 7 8 9 |  9.0

Action                     |  1- 3 |  4- 6 |  7- 9 | 10-12 | 13-15 | 16-18 | 19-21 | 22-24 || total
---------------------------+-------+-------+-------+-------+-------+-------+-------+-------++-------
  Melee: Staff             |       |       |       |       |    20 |     4 |     6 |     1 ||    31
   Cast: Magic Dart        |    80 |    63 |   114 |   193 |   284 |    20 |     5 |       ||   759
         Searing Ray       |     4 |    12 |    38 |    22 |    11 |       |       |       ||    87
         Fulminant Prism   |       |     4 |    27 |   121 |   275 |    27 |     9 |    12 ||   475
         Iskenderun's Myst |       |     1 |    10 |    71 |   163 |    83 |    23 |    13 ||   364
         Fireball          |       |       |       |       |   159 |   471 |   140 |    54 ||   824
         Bombard           |       |       |       |       |       |   170 |   414 |    86 ||   670
         Lee's Rapid Decon |       |       |       |       |       |    52 |   103 |    28 ||   183
         Ignition          |       |       |       |       |       |     3 |    37 |    21 ||    61
  Evoke: Wand              |       |       |       |       |       |    15 |     5 |       ||    20
    Use: Potion            |       |     2 |       |     1 |     1 |     4 |     4 |     5 ||    17
         Scroll            |       |     1 |     7 |     5 |     9 |    11 |     4 |     8 ||    45
   Stab: Distracted        |       |       |       |       |       |       |     1 |       ||     1
 Armour: Robe              |     2 |    43 |    43 |    10 |       |       |       |       ||    98
         Leather armour    |       |       |       |    31 |   142 |   199 |    86 |    50 ||   508
  Dodge: Dodged            |     4 |    23 |    28 |    11 |    68 |    80 |    29 |    11 ||   254
  Block: Buckler           |       |       |       |    10 |    35 |    78 |    72 |    28 ||   223
         Reflection        |       |       |       |     3 |    16 |    48 |    31 |    15 ||   113
         Other             |       |       |       |       |       |     2 |       |       ||     2

Table legend: (Time is in decaauts)
 A = Elapsed time spent in this place.
 B = Non-inter-level travel time spent in this place.
 C = Inter-level travel time spent in this place.
 D = Time resting spent in this place.
 E = Time spent auto-exploring this place.
 F = Levels seen in this place.
 G = Mean time per level.
                   A        B        C        D        E       F      G
               +--------+--------+--------+--------+--------+-----+--------+
         Total |  81224 |  73058 |   8166 |   6703 |  53163 |  45 | 1805.0 |
       Dungeon |  23856 |  20725 |   3131 |   1800 |  16037 |  15 | 1590.4 |
        Temple |     30 |      2 |     28 |      0 |      0 |   1 |   30.0 |
          Lair |  10645 |   8659 |   1986 |   1123 |   5962 |   5 | 2129.0 |
        Shoals |   8773 |   8169 |    604 |    393 |   6761 |   4 | 2193.2 |
     Snake Pit |  10520 |   9696 |    824 |   1836 |   5836 |   4 | 2630.0 |
    Slime Pits |   6954 |   6645 |    309 |    251 |   4116 |   5 | 1390.8 |
  Orcish Mines |   3167 |   2940 |    227 |    130 |   2266 |   2 | 1583.5 |
   Elven Halls |   6236 |   5868 |    368 |    890 |   3699 |   3 | 2078.7 |
        Vaults |   9787 |   9101 |    686 |    194 |   7764 |   5 | 1957.4 |
      Ice Cave |   1252 |   1252 |      0 |     86 |    721 |   1 | 1252.0 |
               +--------+--------+--------+--------+--------+-----+--------+

Top non-repeatable levels by time:
    D:13: 3174 daAuts
 Snake:3: 3163 daAuts
 Slime:5: 3095 daAuts
  Lair:2: 3002 daAuts
Shoals:3: 2835 daAuts
 Snake:1: 2782 daAuts
 Snake:4: 2756 daAuts
Vaults:2: 2734 daAuts
Vaults:1: 2501 daAuts
   Orc:2: 2477 daAuts
  Lair:4: 2477 daAuts
Vaults:3: 2446 daAuts
Shoals:4: 2357 daAuts
   Elf:3: 2312 daAuts
   Elf:2: 2293 daAuts
